 Dungeon Crawl Stone Soup version 0.28-a0-802-g09f76e8c00 (webtiles) character file.

Game seed: 15289736349967832033

15188 croobank the Cleaver (level 11, -14/153 HPs)
             Began as a Minotaur Berserker on Nov 6, 2021.
             Was a High Priest of Trog.
             Demolished by an ettin (30 damage)
             ... on level 2 of the Orcish Mines.
             The game lasted 01:24:20 (12451 turns).

croobank the Cleaver (Minotaur Berserker)          Turns: 12451, Time: 01:24:20

Health: -14/153    AC: 22    Str: 25    XL:     11   Next: 98%
Magic:  10/10      EV:  9    Int:  4    God:    Trog [*****.]
Gold:   734        SH:  0    Dex: 10    Spells: 10/10 levels left

rFire   . . .      SeeInvis .   K - +0 battleaxe (flame)
rCold   . . .      Faith    .   (shield currently unavailable)
rNeg    + . .      Spirit   .   B - +0 plate armour
rPois   .          Reflect  .   u - +2 hat
rElec   .          Harm     .   J - +2 cloak
rCorr   +          Rampage  .   (no gloves)
Will    .....                   I - +0 pair of boots
Stlth   ..........              R - amulet of regeneration
HPRegen 1.35/turn               E - ring of positive energy
MPRegen 0.12/turn               N - ring of resist corrosion

@: berserking (expiring), very quick
A: horns 2, retaliatory headbutt
a: Renounce Religion, Berserk, Trog's Hand, Brothers in Arms


You were on level 2 of the Orcish Mines.
You worshipped Trog.
Trog was extremely pleased with you.
You visited 2 branches of the dungeon, and saw 12 of its levels.

You collected 1002 gold pieces.
You spent 268 gold pieces at shops.

Inventory:

Hand Weapons
 m - a +7 long sword
 t - a +4 dagger
 G - a +2 dire flail
 K - a +0 battleaxe of flaming (weapon)
 L - a +3 halberd
 M - a +3 mace
 O - a +3 dire flail
 P - a +2 war axe
 U - a +4 falchion
 W - a +2 vampiric short sword
Missiles
 a - a throwing net (quivered)
 d - 120 sling bullets
 e - 166 arrows
 f - 5 boomerangs
 o - 258 stones
 q - 38 poisoned darts
 x - 22 bolts
Armour
 u - a +2 hat (worn)
 B - a +0 plate armour (worn)
 I - a +0 pair of boots (worn)
 J - a +2 cloak (worn)
Magical Staves
 i - a staff of cold
 H - a staff of conjuration
Jewellery
 l - a ring of flight
 E - a ring of positive energy (left hand)
 N - a ring of resist corrosion (right hand)
 R - an amulet of regeneration (around neck)
 V - a ring of flight
Wands
 k - a wand of digging (6)
 y - a wand of polymorph (10)
 Q - a wand of paralysis (5)
 S - a wand of iceblast (10)
Scrolls
 w - a scroll of teleportation
 Y - 3 scrolls of torment {unknown}
Potions
 b - a potion of invisibility {unknown}
 c - a potion of berserk rage {unknown}
 g - 2 potions of might
 h - 2 potions of lignification
 n - 4 potions of curing
 p - 2 potions of magic
 r - 2 potions of attraction {unknown}
 s - a potion of degeneration {unknown}
 C - a potion of haste {unknown}
 F - 3 potions of flight
 T - a potion of mutation {unknown}


   Skills:
 + Level 11.1 Fighting
 + Level 1.3 Short Blades
 + Level 14.9(15.0) Axes
 + Level 2.6(10.0) Polearms
 + Level 3.6 Throwing
 + Level 12.4 Armour
 + Level 5.6 Dodging
 + Level 1.9 Stealth
 + Level 0.7 Evocations


You had 10 spell levels left.
You didn't know any spells.
Your spell library contained the following spells:

 Spells                   Type           Power      Damage    Failure   Level
 Magic Dart               Conj           0%         1d3       99%         1
 Blink                    Tloc           0%         N/A       100%        2
 Ensorcelled Hibernation  Hex/Ice        0%         N/A       100%        2
 Searing Ray              Conj           0%         2d4       100%        2
 Inner Flame              Hex/Fire       0%         N/A       100%        3
 Lesser Beckoning         Tloc           0%         N/A       100%        3
 Tukima's Dance           Hex            0%         N/A       100%        3
 Cause Fear               Hex            0%         N/A       100%        4
 Fulminant Prism          Conj/Hex       0%         3d6       100%        4
 Manifold Assault         Tloc           0%         N/A       100%        5
 Discord                  Hex            0%         N/A       100%        8


Dungeon Overview and Level Annotations

Branches:
Dungeon (10/15)            Temple (0/1) D:6             Orc (2/2) D:10
    Elf (0/3) Orc:2
   Lair: D:8-11

Altars:
Gozag
Kikubaaqudgha
Makhleb
Zin
Beogh

Shops:
D:3 !!   D:10 [   Orc:2 [*=


Innate Abilities, Weirdness & Mutations

You have a pair of horns on your head.
You reflexively headbutt those who attack you in melee.


Message History

The ettin is lightly wounded.
You barely miss the ettin.
The ettin is lightly wounded.
The ettin hits you but does no damage.
The ettin hits you with a +0 dire flail.
You hit the ettin. You burn the ettin. You headbutt the ettin.
The ettin is lightly wounded.
The ettin hits you but does no damage. x2
Found a roughly hewn altar of Beogh.
You barely miss the ettin.
The ettin is lightly wounded.
The ettin hits you with a +0 great mace!!
The ettin hits you with a +0 dire flail.
You hit the ettin. You burn the ettin.
The ettin is moderately wounded.
You hit the ettin but do no damage. You headbutt the ettin.
The ettin is moderately wounded.
The ettin hits you with a +0 great mace!!
The ettin completely misses you.
You hit the ettin but do no damage.
The ettin is moderately wounded.
The ettin barely misses you.
The ettin hits you with a +0 dire flail!
Okay, then.
A red film seems to cover your vision as you go berserk!
You feel yourself moving faster!
You feel mighty! The ettin completely misses you.
The ettin hits you with a +0 dire flail!!
* * * LOW HITPOINT WARNING * * *
You feel a strong urge to attack something.
Found 13 gold pieces.
You feel your anger nearly subside.
You hit the ettin. You burn the ettin.
The ettin is moderately wounded.
You slice the ettin!! You burn the ettin. You headbutt the ettin.
The ettin is almost dead.
The ettin hits you with a +0 great mace!!
* * * LOW HITPOINT WARNING * * *
The ettin hits you with a +0 dire flail!!
You die...

..................<..
...........).........
...........).)....... .
......##............. .#
.8.....#....#.#......$#.
(.....#.................
.......#.#..C...........
.P.P..#####....C##(.....
......# ##..##@.......
.....# #..C......... ##
........#...#....
#...............#
##...............
#................
#.........._..#.#.
##..#............
######.......#.


You could see an ettin and 2 cyclopes.

Vanquished Creatures
  An ettin (Orc:1)
  A hydra (D:7)
  A two-headed ogre (D:8)
  Urug (D:10)
  Pikel (D:4)
  3 cyclopes
  Psyche (D:10)
  4 trolls
  2 hornets
  A shadow (D:9)
  14 yaks
  A wyvern (D:10)
  A steam dragon (D:8)
  Menkaure (D:4)
  A hornet zombie (D:9)
  9 orc warriors
  3 black bears
  3 ice beasts
  A sky beast (D:7)
  9 ogres
  3 centaurs
  A lemure (D:4)
  4 kobold brigands
  3 bullfrogs
  Blork the orc (D:5)
  3 scorpions
  A water moccasin zombie (D:5)
  A wyvern skeleton (D:6)
  9 wights
  4 centaur zombies
  A jelly (D:7)
  2 hounds
  5 orc priests
  A gnoll shaman (D:8)
  Ijyb (D:3)
  10 iguanas
  10 orc wizards
  2 howler monkey zombies
  8 gnolls
  10 adders
  A shadow imp (D:5)
  A white imp (D:5)
  An adder skeleton (D:4)
  3 worms (D:3)
  3 dart slugs
  55 orcs
  2 bat zombies (D:3)
  3 endoplasms
  3 giant cockroaches
  7 goblins
  10 hobgoblins
  8 jackals
  4 quokkas
  2 ball pythons (D:1)
  6 bats
  10 frilled lizards
  A jackal zombie (D:8)
  19 kobolds
  3 rats
  2 rat zombies (D:3)
283 creatures vanquished.

Vanquished Creatures (collateral kills)
  A stone giant (Orc:2)
  2 cyclopes (Orc:2)
  A troll (Orc:2)
  An orc warrior (Orc:2)
  3 orcs (Orc:2)
8 creatures vanquished.

Vanquished Creatures (others)
  A warg (Orc:2)
  6 fungi (Orc:2)
  10 plants (D:5)
17 creatures vanquished.

Grand Total: 308 creatures vanquished

Notes
Turn   | Place    | Note
-------+----------+-------------------------------------------
     0 | D:1      | croobank the Minotaur Berserker began the quest for the
                  | Orb.
     0 | D:1      | Reached XP level 1. HP: 19/19 MP: 0/0
   315 | D:1      | Reached XP level 2. HP: 27/27 MP: 1/1
   444 | D:1      | Reached skill level 4 in Axes
   983 | D:2      | Reached ** piety under Trog
  1200 | D:2      | Reached XP level 3. HP: 29/33 MP: 2/2
  1551 | D:2      | Reached XP level 4. HP: 41/41 MP: 3/3
  2197 | D:3      | Found Dewnomn's Distillery.
  2203 | D:3      | Bought a potion of heal wounds for 60 gold pieces
  2203 | D:3      | Bought a potion of curing for 36 gold pieces
  2367 | D:3      | Found an ancient bone altar of Kikubaaqudgha.
  2441 | D:3      | Noticed Ijyb
  2465 | D:3      | Killed Ijyb
  2466 | D:3      | Reached XP level 5. HP: 24/47 MP: 4/4
  2626 | D:3      | Found Waggijotz's Distillery.
  2840 | D:3      | Reached skill level 5 in Axes
  3285 | D:4      | Reached *** piety under Trog
  3678 | D:4      | Reached skill level 5 in Fighting
  3678 | D:4      | Reached XP level 6. HP: 43/56 MP: 5/5
  3956 | D:4      | Noticed Pikel
  3964 | D:4      | Reached skill level 5 in Armour
  3979 | D:4      | HP: 1/56 [lemure[Pikel] (4)]
  4410 | D:4      | Reached skill level 6 in Axes
  4441 | D:4      | Killed Pikel
  4442 | D:4      | Reached skill level 7 in Axes
  4442 | D:4      | Reached skill level 1 in Throwing
  4442 | D:4      | Reached XP level 7. HP: 22/62 MP: 6/6
  4846 | D:4      | Noticed Menkaure
  4856 | D:4      | HP: 3/62 [Menkaure/nerve-wracking pain (14)]
  4858 | D:4      | Killed Menkaure
  4859 | D:4      | Reached XP level 8. HP: 3/70 MP: 7/7
  5434 | D:5      | Entered Level 5 of the Dungeon
  5714 | D:5      | Reached **** piety under Trog
  5715 | D:5      | Reached skill level 8 in Axes
  5715 | D:5      | Reached skill level 5 in Dodging
  5779 | D:5      | Noticed Blork the orc
  5791 | D:5      | Killed Blork the orc
  6370 | D:5      | Reached skill level 9 in Axes
  6569 | D:5      | Reached XP level 9. HP: 76/78 MP: 8/8
  6931 | D:6      | Found a staircase to the Ecumenical Temple.
  7063 | D:3      | Bought 2 potions of heal wounds for 140 gold pieces
  7182 | D:6      | Found a burning altar of Makhleb.
  7647 | D:6      | Reached skill level 1 in Stealth
  7765 | D:6      | Found a glowing silver altar of Zin.
  7765 | D:6      | Found an opulent altar of Gozag.
  8326 | D:7      | Reached skill level 1 in Polearms
  8332 | D:7      | Reached skill level 10 in Axes
  8918 | D:7      | Noticed a six-headed hydra
  8932 | D:7      | Killed a six-headed hydra
  9157 | D:7      | Reached XP level 10. HP: 86/86 MP: 9/9
  9159 | D:7      | Reached ***** piety under Trog
  9205 | D:7      | Reached skill level 1 in Short Blades
  9589 | D:8      | Reached skill level 10 in Armour
  9614 | D:8      | Found a sand-covered staircase.
  9693 | D:8      | Reached skill level 11 in Axes
  9894 | D:8      | Noticed a two-headed ogre
  9905 | D:8      | Killed a two-headed ogre
 10068 | D:8      | Reached skill level 12 in Axes
 10255 | D:9      | Paralysed by a hornet for 2 turns
 10856 | D:9      | Reached XP level 11. HP: 97/97 MP: 10/10
 11428 | D:10     | Entered Level 10 of the Dungeon
 11494 | D:10     | Reached skill level 13 in Axes
 11536 | D:10     | Found Bonu's Armour Shop.
 11574 | D:10     | Received a gift from Trog
 11725 | D:10     | Noticed Psyche
 11730 | D:10     | Killed Psyche
 11731 | D:10     | Reached skill level 10 in Fighting
 11775 | D:10     | Noticed Urug
 11791 | D:10     | Killed Urug
 11891 | D:10     | Found a staircase to the Orcish Mines.
 11951 | Orc:1    | Entered Level 1 of the Orcish Mines
 12085 | Orc:2    | Entered Level 2 of the Orcish Mines
 12088 | Orc:2    | Noticed an ettin
 12103 | Orc:1    | Killed an ettin
 12189 | Orc:2    | Reached skill level 14 in Axes
 12191 | Orc:2    | Found Keifoc's Jewellery Shop.
 12206 | Orc:2    | Noticed a stone giant
 12212 | Orc:2    | Killed a stone giant
 12301 | Orc:2    | Found a staircase to the Elven Halls.
 12372 | Orc:2    | Found Jygyppih's General Store.
 12391 | Orc:2    | Bought a scroll of identify for 32 gold pieces
 12427 | Orc:2    | Found Cotu's Antique Armour Emporium.
 12427 | Orc:2    | Noticed an ettin
 12451 | Orc:2    | Demolished by an ettin

Illustrated notes

Levels and vault maps discovered:
D:1:      minmay_arrival_wavy_path, layout_basic
D:2:      layout_loops_cross
D:3:      layout_loops_ring, lemuel_zombie_altar_kikubaaqudgha, serial_shops,
          shop_fountains, shop_fountains, minmay_misc_feat_doors, uniq_ijyb
D:4:      layout_basic, minmay_goblin_outpost, uniq_menkaure, uniq_pikel
D:5:      minmay_octagon_keep, layout_cave_pools, minmay_lizard_king,
          uniq_blork_the_orc
D:6:      layout_loops_ring, grunt_temple_overflow_gold_and_silver,
          mainiacjoe_overflow_cross_hatched, minmay_temple_entry_statues_pillars
D:7:      layout_layer_cave
D:8:      layout_gridville, enter_ossuary_3
D:9:      layout_irregular_city
D:10:     layout_gridville, kennysheep_orc_monster_closet_entryway,
          serial_shops, shop_fountains, uniq_psyche, uniq_urug
Orc:1:    layout_caves, serial_shops, shop, mines2_lemuel
Orc:2:    grunt_orc_gardens, layout_caves, grunt_orc_garden, grunt_orc_garden,
          grunt_orc_garden, grunt_orc_garden, basic_altar

Skill      XL: |  1  2  3  4  5  6  7  8  9 10 11 |
---------------+----------------------------------+-----
Axes           | 4 5 7 9 10 12 14 | 14.9
Fighting       | 4 5 6 7 9 11 | 11.1
Armour         | 3 4 6 7 9 11 12 | 12.4
Dodging        | 3 4 5 |  5.6
Throwing       | 1 2 3 |  3.6
Stealth        | 1 |  1.9
Polearms       | 2 |  2.6
Short Blades   | 1 |  1.3
Evocations     | |  0.7

Action                   |  1- 3 |  4- 6 |  7- 9 | 10-12 || total
-------------------------+-------+-------+-------+-------++-------
Melee: Hand axe          |    72 |   184 |   183 |       ||   439
       Headbutt          |     8 |    33 |    53 |    78 ||   172
       War axe           |       |       |    53 |   201 ||   254
       Dagger            |       |       |     8 |     6 ||    14
       Halberd           |       |       |     6 |       ||     6
       Battleaxe         |       |       |       |   109 ||   109
Throw: Dart              |     5 |     5 |    11 |    17 ||    38
       Throwing net      |       |     2 |     1 |       ||     3
       Stone             |       |     1 |     7 |     1 ||     9
       Javelin           |       |       |       |     5 ||     5
Invok: Berserk           |       |     3 |     1 |     4 ||     8
       Brothers in Arms  |       |       |       |     1 ||     1
Evoke: Wand              |       |       |     4 |     4 ||     8
  Use: Scroll            |     1 |     2 |     2 |    11 ||    16
       Potion            |       |     2 |     3 |     1 ||     6
Armor: Leather armour    |     5 |       |       |       ||     5
       Ring mail         |    19 |   123 |    11 |       ||   153
       Animal skin       |     1 |       |       |       ||     1
       Plate armour      |       |       |   108 |   208 ||   316
Dodge: Dodged            |    47 |   120 |   105 |   135 ||   407

Table legend: (Time is in decaauts)
 A = Elapsed time spent in this place.
 B = Non-inter-level travel time spent in this place.
 C = Inter-level travel time spent in this place.
 D = Time resting spent in this place.
 E = Time spent auto-exploring this place.
 F = Levels seen in this place.
 G = Mean time per level.
                   A        B        C        D        E       F      G
               +--------+--------+--------+--------+--------+-----+--------+
         Total |  12493 |  11786 |    707 |   2199 |   6750 |  12 | 1041.1 |
       Dungeon |  11975 |  11268 |    707 |   2132 |   6594 |  10 | 1197.5 |
  Orcish Mines |    517 |    517 |      0 |     67 |    156 |   2 |  258.5 |
               +--------+--------+--------+--------+--------+-----+--------+

Top non-repeatable levels by time:
     D:4: 2342 daAuts
     D:3: 1633 daAuts
     D:7: 1464 daAuts
     D:5: 1357 daAuts
     D:6: 1185 daAuts
     D:9: 1019 daAuts
     D:1: 981 daAuts
     D:2: 791 daAuts
     D:8: 682 daAuts
    D:10: 517 daAuts
   Orc:2: 295 daAuts
   Orc:1: 222 daAuts
